cohdb
Replays
Latest Replays
All Replays
Popular Replays
Top Player Replays
Match Explorer
How It Works
Community
CoH3 Stats
Reddit
Sign in to upload your games and track your stats! →
Sign in with Steam
Match 34877236
Unlisted
Match 34877236
Overview
Messages
Build Orders
End
Construct Infanterie Kompanie
Kettenkrad Recon Vehicle
Selects Mechanized Battlegroup
MG 42 Machine Gun Team
MG 42 Machine Gun Team
GrW 34 Mortar Team
Medical Station
Construct Luftwaffe Kompanie
MG 42 Bunker
Jäger Squad
Jäger Squad
Support Elements
Wirbelwind Flakpanzer
Selects Spotting Scopes
Construct Panzergrenadier Kompanie
251 Medium Carrier
Selects Wespe Self-propelled Artillery
Wespe Self-propelled Artillery
Wespe Self-propelled Artillery
Selects Raid Package
Forward Retreat Point
Construct Panzer Kompanie
Atomic Floyd
Microsoft Outlook
deadsadbadmad
Alessandro-9891
Darth Fader
digitalvadim
Keep Calm
romper77
0
0
Comments
sign in to comment!
No comments posted yet!